 Dungeon Crawl Stone Soup version 0.23.0-38-g208d714 (webtiles) character file.

Game seed: 0

9851 Fang the Fighter (level 11, -3/72 HPs)
             Began as a Gargoyle Berserker on Feb 27, 2019.
             Was a High Priest of Trog.
             Slain by Sonja
             ... wielding a +2 short sword of distortion
              (22 damage)
             ... on level 10 of the Dungeon on Feb 28, 2019.
             The game lasted 00:12:56 (8647 turns).

Fang the Fighter (Gargoyle Berserker)               Turns: 8647, Time: 00:12:56

Health: -3/72      AC: 26    Str: 24    XL:     11   Next: 52%
Magic:  11/11      EV: 10    Int:  8    God:    Trog [*****.]
Gold:   575        SH:  0    Dex:  9    Spells: 10/10 levels left

rFire    + . .     SeeInvis +   I - +4 battleaxe "Voagroxt" {holy, rPois rF- SInv Stlth+}
rCold    . . .     Gourm    .   (shield currently unavailable)
rNeg     + . .     Faith    .   p - +1 plate armour
rPois    ∞         Spirit   .   (no helmet)
rElec    +         Reflect  .   F - +2 cloak {+Inv}
rCorr    .         Harm     .   (no gloves)
MR       .....                  (no boots)
Stlth    ..........             (no amulet)
HPRegen  0.22/turn              D - ring of protection from fire
MPRegen  0.12/turn              A - ring of protection from fire

@: about to teleport
A: negative energy resistance 1, electricity resistance, unbreathing,
petrification resistance, rot immunity, AC +8
a: Berserk, Trog's Hand, Brothers in Arms, Renounce Religion, Evoke Invisibility


You were on level 10 of the Dungeon.
You worshipped Trog.
Trog was extremely pleased with you.
You were not hungry.

You visited 1 branch of the dungeon, and saw 10 of its levels.

You collected 575 gold pieces.

Inventory:

Hand Weapons
 a - a +7 vampiric battleaxe
 G - a +0 war axe of freezing
 I - the +4 battleaxe "Voagroxt" (weapon) {holy, rPois rF- SInv Stlth+}
   (Trog gifted it to you on level 8 of the Dungeon)

   It has been blessed by the Shining One to cause great damage to the undead
   and demons.
   It makes you vulnerable to fire.
   It protects you from poison.
   It lets you see invisible.
   It makes you more stealthy.
Armour
 p - a +1 plate armour (worn)
 s - a scarf of repulsion
 F - a +2 cloak of invisibility (worn)
Jewellery
 d - an uncursed ring of protection from cold {unknown}
 f - an uncursed ring of fire {unknown}
 o - an uncursed amulet of regeneration {unknown}
 A - a ring of protection from fire (right hand)
 D - a ring of protection from fire (left hand)
Wands
 e - a wand of polymorph (10)
 g - a wand of scattershot (4)
 B - a wand of flame (7)
 E - a wand of digging (7)
Scrolls
 i - 7 scrolls of remove curse
 l - a scroll of magic mapping
 n - 6 scrolls of teleportation
 x - 2 scrolls of fear
 y - a scroll of summoning
Potions
 b - a potion of mutation
 h - a potion of cancellation {unknown}
 j - 2 potions of might
 k - a potion of flight
 m - 3 potions of agility
 q - 2 potions of invisibility
 r - a potion of magic
 t - 3 potions of heal wounds
 v - 6 potions of lignification
 w - 3 potions of curing
 C - a potion of brilliance
 H - a potion of berserk rage {unknown}
Comestibles
 c - 17 rations


   Skills:
 + Level 10.3 Fighting
 + Level 8.7 Axes
 + Level 10.0 Armour
 + Level 7.7 Dodging


You had 10 spell levels left.
You didn't know any spells.
Your spell library was empty.

Dungeon Overview and Level Annotations

Branches:
Dungeon (10/15)            Temple (0/1) D:5            Lair (0/6) D:9
    Orc: D:9-12

Altars:
Dithmenos
Elyvilon
Fedhas
Hepliaklqana
Okawaru
Sif Muna
Uskayaw
Wu Jian
Yredelemnul
The Shining One

Annotations:
D:9 Blork the orc
D:10 Sonja


Innate Abilities, Weirdness & Mutations

You are resistant to torment.
Your stone body is resilient. (AC +8)
You are immune to poison.
You resist negative energy. (rN+)
You are resistant to electric shocks. (rElec)
You can survive without breathing.
You are immune to petrification.
You are immune to rotting.


Message History

No target in view!
There is an open door here.
Sonja, the Graceful Assassin comes into view.
She is wielding a +2 short sword of distortion.
Found 6 stones.
You completely miss Sonja. Sonja closely misses you.
Sonja barely misses you. x2
Sonja hits you but does no damage. Space warps horribly around you.
Sonja closely misses you. Sonja hits you but does no damage.
Space warps horribly around you!
You are too injured to fight recklessly!
You are too injured to fight recklessly!
You are too injured to fight recklessly!
You fail to use your ability.
Sonja hits you but does no damage.
You feel strangely unstable. Sonja completely misses you.
Sonja closely misses you.
Okay, then.
Sonja twirls her cape.
Sonja hits you but does no damage. Space warps horribly around you!
* * * LOW HITPOINT WARNING * * *
Sonja hits you but does no damage. Space warps horribly around you!!
You die...

#.# #.#.#### #.#
#.#.# ..######.#
#.#.######
.........########
#.#.......
.##.............#
#.########
#.###########.#
#....# #. #.#
####.# #.# #.#
#@# #.# #K# #.#
.....(..# #.#
###...### #.#
#### #.# #.# #.#
#.##### #......


You could see Sonja.

Vanquished Creatures
  Erica (D:10)
  Pikel (D:7)
  A deep elf mage (D:9)
  A cyclops (D:9)
  A gargoyle (D:10)
  A troll (D:10)
  A tengu conjurer (D:9)
  Grinder (D:5)
  2 hippogriffs (D:9)
  Sigmund (D:6)
  Eustachio (D:5)
  5 yaks (D:9)
  2 humans (D:10)
  A hungry ghost (D:7)
  A vampire mosquito (D:9)
  Duvessa (D:5)
  A sky beast (D:7)
  A black bear (D:7)
  5 ice beasts
  2 necrophages (D:8)
  5 ogres
  3 centaurs
  7 bullfrogs
  Dowan (D:5)
  3 scorpions
  5 wights
  11 killer bees (D:9)
  6 howler monkeys
  3 crimson imps
  2 quasits
  3 jellies
  Crazy Yiuf (D:5)
  7 hounds
  5 orc priests
  3 orc wizards
  2 centaur skeletons
  A bullfrog skeleton (D:5)
  4 iguanas
  16 worker ants
  A killer bee zombie (D:8)
  A hound zombie (D:6)
  A worker ant zombie (D:6)
  15 adders
  9 gnolls
  A river rat (D:5)
  A howler monkey skeleton (D:6)
  4 shadow imps
  An ooze (D:6)
  An adder zombie (D:6)
  5 worms
  5 dart slugs
  7 leopard geckos
  14 orcs
  3 ball pythons
  10 bats
  6 giant cockroaches
  12 goblins
  15 hobgoblins
  4 quokkas
  6 frilled lizards
  5 kobolds
  2 leopard gecko skeletons (D:4)
  3 quokka skeletons
  A quokka zombie (D:5)
  9 rats
261 creatures vanquished.

Notes
Turn   | Place    | Note
-------+----------+-------------------------------------------
     0 | D:1      | Fang the Gargoyle Berserker began the quest for the Orb.
     0 | D:1      | Reached XP level 1. HP: 14/14 MP: 1/1
    23 | D:1      | Reached XP level 2. HP: 13/19 MP: 2/2
   391 | D:1      | Reached XP level 3. HP: 23/23 MP: 3/3
   555 | D:1      | Reached ** piety under Trog
   910 | D:2      | Reached XP level 4. HP: 21/29 MP: 4/4
  1090 | D:2      | Reached XP level 5. HP: 17/33 MP: 5/5
  1642 | D:3      | Reached *** piety under Trog
  1743 | D:3      | Found a blossoming altar of Fedhas.
  1747 | D:3      | Found a white marble altar of Elyvilon.
  1765 | D:3      | Found a shadowy altar of Dithmenos.
  1767 | D:3      | Found a glowing golden altar of the Shining One.
  1767 | D:3      | Found a hide-covered altar of Uskayaw.
  1779 | D:3      | Found an ornate altar of the Wu Jian Council.
  2126 | D:4      | Reached XP level 6. HP: 36/39 MP: 6/6
  2839 | D:4      | Found a hazy altar of Hepliaklqana.
  3271 | D:5      | Entered Level 5 of the Dungeon
  3285 | D:5      | Reached skill level 5 in Fighting
  3303 | D:5      | Reached XP level 7. HP: 15/44 MP: 7/7
  3473 | D:5      | Noticed Duvessa
  3473 | D:5      | Noticed Dowan
  3483 | D:5      | Killed Duvessa
  3500 | D:5      | Killed Dowan
  3610 | D:5      | Reached skill level 5 in Armour
  3671 | D:5      | Reached XP level 8. HP: 39/51 MP: 8/8
  3817 | D:5      | Reached skill level 5 in Axes
  3873 | D:5      | Reached **** piety under Trog
  4014 | D:5      | Found a staircase to the Ecumenical Temple.
  4338 | D:5      | Noticed Eustachio
  4399 | D:5      | Killed Eustachio
  4507 | D:5      | Noticed Grinder
  4529 | D:5      | Killed Grinder
  4647 | D:5      | Found a runed translucent door.
  4648 | D:5      | Noticed Crazy Yiuf
  4698 | D:5      | Killed Crazy Yiuf
  4798 | D:6      | Reached XP level 9. HP: 56/56 MP: 9/9
  4865 | D:6      | Reached skill level 5 in Dodging
  4981 | D:6      | Noticed Sigmund
  4997 | D:6      | Killed Sigmund
  5599 | D:7      | Reached ***** piety under Trog
  5610 | D:7      | Noticed Pikel
  5618 | D:7      | Killed Pikel
  5618 | D:7      | Reached XP level 10. HP: 43/65 MP: 10/10
  5876 | D:8      | Found a white marble altar of Elyvilon.
  6004 | D:8      | Found a basalt altar of Yredelemnul.
  6050 | D:8      | Received a gift from Trog
  6055 | D:8      | Got a translucent battleaxe {god gift}
  6074 | D:8      | Identified the +4 battleaxe "Voagroxt" {holy, rPois rF-
                  | SInv Stlth+} (Trog gifted it to you on level 8 of the
                  | Dungeon)
  6532 | D:9      | Identified a scroll of acquirement
  6969 | D:9      | Noticed a deep elf mage
  6970 | D:9      | Noticed a cyclops
  6979 | D:9      | Killed a deep elf mage
  6979 | D:9      | Reached XP level 11. HP: 44/72 MP: 11/11
  6986 | D:9      | Killed a cyclops
  7539 | D:9      | Noticed Blork the orc
  7554 | D:9      | Found a deep blue altar of Sif Muna.
  7779 | D:9      | Found a staircase to the Lair.
  8037 | D:10     | Entered Level 10 of the Dungeon
  8124 | D:10     | Reached skill level 10 in Fighting
  8247 | D:10     | Noticed Erica
  8255 | D:10     | Killed Erica
  8477 | D:10     | Found an iron altar of Okawaru.
  8622 | D:10     | Reached skill level 10 in Armour
  8644 | D:10     | Noticed Sonja
  8647 | D:10     | Slain by Sonja

Skill      XL: |  1  2  3  4  5  6  7  8  9 10 11 |
---------------+----------------------------------+-----
Axes           | 3 4 5 7 8 |  8.7
Dodging        | 2 3 4 6 7 |  7.7
Armour         | 3 4 5 6 8 9 10 | 10.0
Fighting       | 4 5 6 8 9 10 | 10.3

Action                   |  1- 3 |  4- 6 |  7- 9 | 10-12 || total
-------------------------+-------+-------+-------+-------++-------
Melee: Hand axe          |   108 |   299 |   354 |       ||   761
       War axe           |       |       |   217 |       ||   217
       Battleaxe         |       |       |    20 |   270 ||   290
Invok: Berserk           |       |     1 |     4 |     2 ||     7
Evoke: Wand              |       |       |       |     1 ||     1
  Use: Scroll            |       |       |       |    29 ||    29
 Stab: Sleeping          |     1 |       |       |       ||     1
  Eat: Chunk             |       |     6 |    12 |     9 ||    27
       Ration            |       |     1 |     3 |     1 ||     5
Armor: Animal skin       |    33 |       |       |       ||    33
       Chain mail        |    17 |    10 |       |       ||    27
       Plate armour      |       |   240 |   565 |   380 ||  1185
Dodge: Dodged            |    63 |   131 |   346 |   234 ||   774
       Deflected         |       |       |     1 |       ||     1
